 Dungeon Crawl Stone Soup version 0.30.1-3-gfc49f6343a (webtiles) character file.

Game seed: 11924679563535683998

529 Destapler the Trooper (level 7, -6/66 HPs)
             Began as a Minotaur Fighter on July 24, 2023.
             Was a Follower of Okawaru.
             Mangled by an ogre
             ... wielding a +0 giant club
              (16 damage)
             ... on level 4 of the Dungeon.
             The game lasted 00:09:26 (2743 turns).

Destapler the Trooper (Minotaur Fighter)            Turns: 2743, Time: 00:09:26

Health: -6/66      AC:  8    Str: 21    XL:     7   Next: 3%
Magic:  6/6        EV: 11    Int:  5    God:    Okawaru [*.....]
Gold:   137        SH:  4    Dex: 11    Spells: 6/6 levels left

rFire   . . .        a - +0 flail
rCold   . . .        c - +0 buckler
rNeg    . . .        b - +0 scale mail
rPois   .            (helmet restricted)
rElec   .            m - +0 cloak
rCorr   .            (no gloves)
SInv    .            (no boots)
Will    .....        (no amulet) Stlth
                     (no ring)
HPRegen 0.31/turn    (no ring)
MPRegen 0.10/turn

%: no passive effects
@: invisible
A: horns 2, retaliatory headbutt
a: Renounce Religion, Heroism


You were on level 4 of the Dungeon.
You worshipped Okawaru.
Okawaru was aware of your devotion.
You visited 1 branch of the dungeon, and saw 4 of its levels.
You also visited: Sewer.

You collected 137 gold pieces.

Inventory:

Hand Weapons
 a - a +0 flail (weapon)
 d - a +2 spear of freezing
Armour
 b - a +0 scale mail (worn)
 c - a +0 buckler (worn)
 m - a +0 cloak (worn)
 n - a +0 helmet
Jewellery
 h - a ring of ice
Wands
 p - a wand of roots (8)
Scrolls
 e - 3 scrolls of enchant armour {unknown}
 f - 2 scrolls of enchant weapon {unknown}
 i - a scroll of magic mapping
 o - a scroll of teleportation {unknown}
 q - a scroll of blinking {unknown}
 u - 2 scrolls of identify {unknown}
Potions
 g - a potion of flight {unknown}
 j - a potion of berserk rage
 k - 2 potions of curing {unknown}
 l - 3 potions of attraction {unknown}
 r - a potion of invisibility
 s - a potion of magic {unknown}
 t - 2 potions of might
 v - a potion of heal wounds {unknown}


   Skills:
 + Level 7.0 Fighting
 - Level 2.4 Maces & Flails
 - Level 5.0 Armour
 - Level 5.0 Dodging
 - Level 3.6 Shields


You had 6 spell levels left.
You didn't know any spells.
Your spell library was empty.

Dungeon Overview and Level Annotations

Branches:
Dungeon (4/15)              Sewer (visited)
 Temple: D:4-7

Altars:
Okawaru

Shops:
D:3 [

Annotations:
D:3 2 runed translucent doors, Ijyb; LavenderCorpse's ghost, amateur TrTm


Innate Abilities, Weirdness & Mutations

You have a pair of horns on your head.
You reflexively headbutt those who attack you in melee.


Message History

2 poisoned darts; a +0 dagger
There is an open door here.
You see here a +0 scale mail.
Key pressed, stopping explore.
No target in view!
An ogre comes into view. It is wielding a +0 giant club.
The ogre shouts!
A wight comes into view. It is wielding a +4 spear.
A wight comes into view. It is wielding a +2 morningstar.
An orc comes into view.
It is wielding a +0 hand axe of freezing.
You hit the orc but do no damage. You block the orc's attack.
You hit the orc.
The orc is heavily wounded.
The orc closely misses you. The orc barely misses you.
You hit the orc but do no damage. You headbutt the orc.
You kill the orc!
Okawaru accepts your kill.
The ogre hits you with a +0 giant club!!
Ouch! That really hurt!
* * * LOW HITPOINT WARNING * * *
You hear a shout!
You hit the ogre.
The ogre is lightly wounded.
You block the wight's attack.
The ogre hits you with a +0 giant club!!
* * * LOW HITPOINT WARNING * * *
Unknown command.
Things that are here:
a +0 hand axe of freezing; a +0 scale mail; an orc corpse Unknown command.
Found a stone staircase leading up.
Found a stone staircase leading down.
A wight comes into view. It is wielding a +0 battleaxe of venom.
A goblin comes into view. It is wielding a +0 club.
You fade into invisibility!
You block the wight's attack.
You thump the wight!
The wight is moderately damaged.
The wight closely misses you. The ogre hits you with a +0 giant club!
You die...

********#.# *#....,,,,,,,
#****#.# #..#********
#.,,*#.#####.#* ###
#..,*#.#.z...# #..
#...##.#.###.# #.. #.....zz.#
#)# #.. #....#.### #.# #..
********##...##O#####.########..
*,,,,,,,...>...@.g...........#..
*,,,,,,,....###z#####.######.###
*,,,,,,,..,,**<..,* #.# #..#
***********,*##.#.* #.# ##.##
*,* #.#.#*#.# #..# *,* #..,.,#.#
##.. *,**###*###.#***** ###
*,,,,,,,,,..,,,,,****
***********,*,,,,,,,*


You could see an ogre (unable to see you), 3 wights and a goblin (unable to see
you).

Vanquished Creatures
  A phantom (D:4)
  2 bullfrogs (Sewer)
  Crazy Yiuf (D:3)
  An orc priest (D:3)
  Jessica (D:2)
  Robin (D:3)
  7 adders
  5 river rats (Sewer)
  A dart slug (D:1)
  4 orcs
  17 ball pythons
  9 endoplasms
  4 giant cockroaches
  9 hobgoblins
  4 jackals (D:1)
  9 kobolds
  6 quokkas
  7 bats
  7 frilled lizards
  15 goblins
  25 rats
136 creatures vanquished.

Notes
Turn   | Place    | Note
-------+----------+-------------------------------------------
     0 | D:1      | Destapler the Minotaur Fighter began the quest for the Orb.
     0 | D:1      | Reached XP level 1. HP: 19/19 MP: 0/0
    54 | D:1      | Reached skill level 1 in Dodging
    54 | D:1      | Reached XP level 2. HP: 9/27 MP: 1/1
   151 | D:1      | Reached skill level 4 in Fighting
   306 | D:1      | Reached XP level 3. HP: 22/33 MP: 2/2
   584 | D:2      | Noticed Jessica
   590 | D:2      | Killed Jessica
   591 | D:2      | Reached XP level 4. HP: 40/41 MP: 3/3
  1241 | D:3      | Found Cobuix's Armour Shoppe.
  1322 | D:3      | Found a runed translucent door.
  1323 | D:3      | Noticed Crazy Yiuf
  1332 | D:3      | Killed Crazy Yiuf
  1406 | D:3      | Reached skill level 5 in Fighting
  1406 | D:3      | Reached XP level 5. HP: 48/48 MP: 4/4
  1422 | D:3      | Noticed Robin
  1433 | D:3      | Reached skill level 5 in Armour
  1444 | D:3      | Killed Robin
  1462 | D:3      | Found a large runed translucent door.
  1462 | D:3      | Found a large runed translucent door.
  1464 | D:3      | Noticed LavenderCorpse's ghost (amateur TrTm)
  1654 | D:3      | Noticed an orc warrior
  1669 | D:3      | Noticed Ijyb
  1740 | D:4      | Noticed a phantom
  1757 | D:4      | Found an iron altar of Okawaru.
  1766 | D:4      | Became a worshipper of Warmaster Okawaru
  1785 | D:4      | Found a glowing drain.
  1791 | Sewer    | Entered a sewer
  2107 | Sewer    | Reached XP level 6. HP: 56/56 MP: 5/5
  2147 | Sewer    | Reached skill level 5 in Dodging
  2260 | Sewer    | Reached skill level 6 in Fighting
  2466 | D:4      | Reached * piety under Okawaru
  2467 | D:4      | Reached XP level 7. HP: 58/64 MP: 6/6
  2509 | D:4      | Reached skill level 7 in Fighting
  2743 | D:4      | Mangled by an ogre

Illustrated notes

Levels and vault maps discovered:
D:1:      psy_arrival_whirlpool, layout_basic
D:2:      layout_rooms, serial_curves, eino_curves_01, eino_curves_04,
          kennysheep_nondescript, minmay_door_square, uniq_jessica
D:3:      layout_basic, serial_shops, shop, ebering_ghost_disaster_area,
          minivault_14, minmay_misc_feat_room, minivault_23,
          kennysheep_generic_room_9, uniq_sigmund, uniq_ijyb,
          uniq_crazy_yiuf_cottage, uniq_robin
D:4:      layout_basic, okawaru_metal_pillars_3, gup_sewer_entry_bowl,
          ebering_ghost_rock_garden

Skill      XL: |  1  2  3  4  5  6  7 |
---------------+----------------------+-----
Dodging        | 1 2 4 5 |  5.0
Armour         | 4 5 |  5.0
Fighting       | 4 5 6 7 |  7.0
Maces & Flails | |  2.4
Shields        | |  3.6

Action                     |  1- 3 |  4- 6 |  7- 9 || total
---------------------------+-------+-------+-------++-------
  Melee: Flail             |    73 |   187 |     9 ||   269
         Headbutt          |     8 |    18 |     1 ||    27
    Use: Potion            |       |     5 |     1 ||     6
         Scroll            |       |     3 |       ||     3
 Armour: Scale mail        |    52 |   139 |       ||   191
  Dodge: Dodged            |    60 |   181 |     4 ||   245
  Block: Buckler           |    26 |    66 |     3 ||    95
